 Dungeon Crawl Stone Soup version 0.31.0-9-g3a7656b989 (webtiles) character file.

Game seed: 17886164345934876283

114343 GloriousHammer the Impaler (level 17, -4/138 HPs)
             Began as a Formicid Cinder Acolyte on Jan 24, 2024.
             Was an Elder of Ru.
             Splashed by a goliath frog's acid (6 damage)
             ... on level 3 of the Swamp.
             The game lasted 01:16:20 (35829 turns).

GloriousHammer the Impaler (FoCA)                  Turns: 35829, Time: 01:16:21

Health: -4/138     AC: 21    Str: 27    XL:     17   Next: 20%
Magic:  18/18      EV: 13    Int: 14    God:    Ru [****..]
Gold:   768        SH: 10    Dex: 11    Spells: 17/17 levels left

rFire   + + .        m - +1 bardiche of Bodily Harmony {freeze, rF+ Dex+2}
rCold   . . .        X - +0 buckler
rNeg    . . .        G - +4 plate armour {rF+}
rPois   +            (helmet unavailable)
rElec   .            Q - +2 cloak
rCorr   .            p - +0 pair of gloves
SInv    +            K - +0 pair of boots
Will    +....        v - amulet of reflection Stlth
                     P - ring of poison resistance
HPRegen 0.43/turn    E - +5 ring of evasion
MPRegen 0.16/turn

%: reflection
@: corroded, studying Evocations
A: permanent stasis, dig shafts and tunnels, antennae 3, no earth magic, no
hexes magic, no necromancy magic, unskilled 2, four strong arms
a: Dig, Shaft Self, Renounce Religion, Draw Out Power, Power Leap


You were on level 3 of the Swamp.
You worshipped Ru.
Ru was greatly pleased with you.
You visited 5 branches of the dungeon, and saw 26 of its levels.
You also visited: Sewer.

You collected 3631 gold pieces.
You spent 2863 gold pieces at shops.

Inventory:

Hand Weapons
 h - a -2 glaive of flaming
 m - the +1 bardiche of Bodily Harmony (weapon) {freeze, rF+ Dex+2}
   (You acquired it on level 2 of the Lair of Beasts)

   Dex+2:     It affects your dexterity (+2).
   rF+:       It protects you from fire.
Missiles
 f - 12 silver javelins
 n - 3 throwing nets
 H - a curare-tipped dart
 O - 23 poisoned darts
 R - 9 javelins
 Y - 20 boomerangs
 Z - 8 datura-tipped darts
Armour
 p - a +0 pair of gloves (worn)
 G - a +4 plate armour of fire resistance (worn)
 K - a +0 pair of boots (worn)
 Q - a +2 cloak (worn)
 X - a +0 buckler (worn)
Jewellery
 v - an amulet of reflection (around neck)
 C - a ring of protection from cold
 E - a +5 ring of evasion (right hand)
 N - the ring "Boiclob" {rN+ Will+ Stlth+}
   (You bought it in a shop on level 2 of the Orcish Mines)

   [ring of positive energy]

   rN+:       It protects you from negative energy.
   Will+:     It increases your willpower.
   Stlth+:    It makes you more stealthy.
 P - a ring of poison resistance (left hand)
 T - a +4 ring of protection
Wands
 e - a wand of roots (19)
 s - a wand of flame (2)
 u - a wand of charming (7)
 w - a wand of quicksilver (8)
Scrolls
 b - a scroll of enchant armour
 d - 2 scrolls of butterflies
 g - 2 scrolls of brand weapon
 i - a scroll of revelation
 j - 8 scrolls of fear
 x - a scroll of silence {unknown}
 y - 7 scrolls of poison
 D - a scroll of immolation {unknown}
 M - 5 scrolls of fog
 U - 4 scrolls of vulnerability {unknown}
 V - 2 scrolls of enchant weapon {unknown}
Potions
 a - a potion of cancellation {unknown}
 k - 10 potions of curing
 l - 2 potions of ambrosia {unknown}
 o - 2 potions of magic
 q - 6 potions of might
 r - 2 potions of invisibility
 t - a potion of berserk rage {unknown}
 A - a potion of degeneration {unknown}
 F - 2 potions of mutation {unknown}
 J - 2 potions of attraction {unknown}
 L - 6 potions of enlightenment
 S - 3 potions of resistance {unknown}
Miscellaneous
 z - a phial of floods
 B - a sack of spiders (inert)
 I - a phantom mirror
 W - a lightning rod (2/4)


   Skills:
 + Level 13.7 Fighting
 * Level 17.8 Polearms
 + Level 10.7 Armour
 + Level 3.4 Dodging
 - Level 7.4 Shields
 - Level 0.8 Spellcasting
 - Level 2.4 Fire Magic
 + Level 11.3 Evocations


You had 17 spell levels left.
You didn't know any spells.
Your spell library contained the following spells:

 Spells                   Type           Power      Damage    Failure   Level
 Scorch                   Fire           14%        2d5       82%         2
 Shock                    Conj/Air       0%         1d3       95%         1
 Sting                    Conj/Alch      0%         1d3       95%         1
 Summon Small Mammal      Summ           0%         N/A       95%         1
 Call Imp                 Summ           0%         N/A       98%         2
 Mercury Vapours          Alch/Air       0%         N/A       98%         2
 Static Discharge         Conj/Air       0%         3-3/arc   98%         2
 Call Canine Familiar     Summ           0%         N/A       100%        3
 Hailstorm                Conj/Ice       0%         3d5       100%        3
 Ozocubu's Armour         Ice            0%         N/A       100%        3
 Summon Ice Beast         Ice/Summ       0%         N/A       100%        3
 Airstrike                Air            0%         2d(0-16)  100%        4
 Olgreb's Toxic Radiance  Alch           0%         N/A       100%        4
 Passage of Golubria      Tloc           0%         N/A       100%        4
 Summon Blazeheart Golem  Fire/Summ      3%         N/A       100%        4
 Summon Lightning Spire   Summ/Air       0%         N/A       100%        4
 Fireball                 Conj/Fire      1%         3d3       100%        5
 Summon Forest            Summ/Tloc      0%         N/A       100%        5
 Eringya's Noxious Bog    Alch           0%         4d6       100%        6
 Sculpt Simulacrum        Ice/Alch       0%         N/A       100%        6
 Summon Hydra             Summ           0%         N/A       100%        7
 Dragon's Call            Summ           0%         N/A       100%        9
 Slow                     Hex            Unusable   N/A       N/A         1
 Sublimation of Blood     Necr           Unusable   N/A       N/A         2
 Confusing Touch          Hex            Unusable   N/A       N/A         3
 Sigil of Binding         Hex            Unusable   N/A       N/A         3
 Swiftness                Air            Unusable   N/A       N/A         3
 Vampiric Draining        Necr           Unusable   2d6       N/A         3
 Anguish                  Hex/Necr       Unusable   N/A       N/A         4
 Cause Fear               Hex            Unusable   N/A       N/A         4
 Metabolic Englaciation   Hex/Ice        Unusable   N/A       N/A         5
 Silence                  Hex/Air        Unusable   N/A       N/A         5
 Enfeeble                 Hex            Unusable   N/A       N/A         7
 Lehudib's Crystal Spear  Conj/Erth      Unusable   10d2      N/A         8

Dungeon Overview and Level Annotations

Branches:
Dungeon (15/15)            Temple (1/1) D:6            Lair (5/5) D:9
  Swamp (3/4) Lair:3        Snake (0/4) Lair:3        Slime (0/5) Lair:5
    Orc (2/2) D:10            Elf (0/3) Orc:2        Vaults (0/5) D:14
 Depths (0/4) D:15          Sewer (visited)

Altars:
Ashenzari
Cheibriados
Dithmenos
Elyvilon
Fedhas
Gozag
Hepliaklqana
Kikubaaqudgha
Makhleb
Nemelex Xobeh
Okawaru
Qazlal
Ru
Sif Muna
Trog
Uskayaw
Vehumet
Wu Jian
Xom
Yredelemnul
Zin
The Shining One
Jiyva

Shops:
D:6 [   D:12 (   Orc:1 :   Orc:2 *[!=([(

Annotations:
D:14 Roxanne


Innate Abilities, Weirdness & Mutations

You cannot be hasted, slowed, berserked, paralysed or teleported.
You can dig through walls and to a lower floor.
You have a pair of large antennae on your head. (SInv)
You cannot study or cast Earth magic.
You cannot study or cast Hexes magic.
You cannot study or cast Necromancy magic.
You are unskilled. (-2 Apt)
Your four strong arms can wield two-handed weapons with a shield.


Message History

The thorn hunter gestures.
You closely miss the swamp dragon.
The swamp dragon is lightly wounded.
You feel sick.
The goliath frog is no longer moving slowly.
The swamp dragon bites you but does no damage.
The swamp dragon claws you. The swamp dragon misses you.
You block the goliath frog's attack.
You feel sick.
The swamp dragon bites you but does no damage.
You block the swamp dragon's attack.
The swamp dragon tramples you but does no damage.
The goliath frog hits you from afar!
You are splashed with acid!
The swamp dragon bites you but does no damage.
The swamp dragon misses you. You block the swamp dragon's attack.
The goliath frog hits you from afar!
You are splashed with acid!
You redirect the thorn hunter's attack!
You slice the swamp dragon!! You freeze the swamp dragon!
The swamp dragon is severely wounded.
You feel sick.
You are no longer poisoned.
The goliath frog hits you from afar!
You are splashed with acid!
The swamp dragon bites you but does no damage.
The swamp dragon claws you. You block the swamp dragon's attack.
The thorn hunter begins to attack, but is stunned by your conviction!
Okay, then.
Aiming: Charm
Press: ? - help, Shift-Dir - straight line, f - swamp dragon, p - goliath frog
Aim: a swamp dragon (severely wounded, chance to affect: 56%)
The swamp dragon is charmed.
The briar patch crumbles away. x2
The goliath frog misses you.
You slice the thorn hunter!! You freeze the thorn hunter!
The thorn hunter is heavily damaged.
The briar patch crumbles away. x3; You block the goliath frog's attack.
The thorn hunter gestures.
The thorn hunter fires a volley of thorns at you.
The volley of thorns hits you!!
* * * LOW HITPOINT WARNING * * *
You focus your inner power and illuminate the thorn hunter in retribution!
Your swamp dragon bites the thorn hunter!
Your swamp dragon claws the thorn hunter!
Your swamp dragon tramples the thorn hunter but does no damage.
The goliath frog hits you but does no damage.
Aiming: Thunderbolt
Press: ? - help, Shift-Dir - straight line, p - swamp dragon The thunderbolt hits the goliath frog!!
The goliath frog is almost dead.
The thunderbolt hits the thorn hunter!
The thorn hunter is almost destroyed.
The briar patch crumbles away.
The thorn hunter gestures.
The thorn hunter hits you!!
* * * LOW HITPOINT WARNING * * *
The thorn hunter hits you but does no damage.
Your swamp dragon bites the thorn hunter.
Your swamp dragon claws the thorn hunter but does no damage.
Your swamp dragon tramples the thorn hunter but does no damage.
You block the goliath frog's attack.
You feel much better.
The briar patch crumbles away. x3
The thorn hunter hits your swamp dragon!
The thorn hunter barely misses your swamp dragon.
Your swamp dragon bites the thorn hunter but does no damage.
Your swamp dragon misses the thorn hunter.
Your swamp dragon tramples the thorn hunter.
The thorn hunter holds its ground!
You block the goliath frog's attack.
The thorn hunter fires a volley of thorns at your swamp dragon.
The volley of thorns hits your swamp dragon!!
Your swamp dragon dies!
You slice the thorn hunter!! You freeze the thorn hunter.
You destroy the thorn hunter!
The briar patch crumbles away.
The goliath frog barely misses you.
You are too injured to fight recklessly!
Unknown command.
Reach: m) +1 bardiche of Bodily Harmony {freeze, rF+ Dex+2}
Press: ? - help, Dir - move target, f - goliath frog
Aim: a goliath frog (almost dead, poisoned, about 55% to evade the +1 bardiche of Bodily Harmony)
You reach to attack!
You completely miss the goliath frog.
The goliath frog is almost dead.
The briar patch crumbles away.
The goliath frog hits you but does no damage.
Reach: m) +1 bardiche of Bodily Harmony {freeze, rF+ Dex+2}
Press: ? - help, Dir - move target, f/p - goliath frog
Aim: a goliath frog (almost dead, poisoned, about 55% to evade the +1 bardiche of Bodily Harmony)
You reach to attack!
You barely miss the goliath frog.
The goliath frog is almost dead.
The briar patch crumbles away.
The goliath frog hits you but does no damage.
The goliath frog hits you from afar!
* * * LOW HITPOINT WARNING * * *
You are splashed with acid!
* * * LOW HITPOINT WARNING * * *
Reach: m) +1 bardiche of Bodily Harmony {freeze, rF+ Dex+2}
Press: ? - help, Dir - move target, f/p - goliath frog
Aim: a goliath frog (almost dead, poisoned, about 55% to evade the +1 bardiche of Bodily Harmony)
You reach to attack!
You closely miss the goliath frog.
The goliath frog is almost dead.
The briar patch crumbles away.
The goliath frog hits you from afar!
* * * LOW HITPOINT WARNING * * *
The acid corrodes you!
You are splashed with acid.
You die...

.. ♣♣~~.♣~...~.
~~.♣♣♣♣~~~~.~~...~
~~~...~~~~~~♣~...
.~~.~~~~~~~.○°○~
~.~......~..♣♣♣♣♣♣♣
~~.♣.†.....~~..~.♣
.~~....☼§○♣.F§.~~~♣♣
~....$.○○♣♣♣.......♣♣
~^..~~~!♣♣ ♣~@..~~~~♣
♣.~~~~P♣♣ ♣♣P~~~~~~.♣
♣.~..P♣ ♣.~~.~~~§.♣
♣♣♣♣♣♣ ♣.~.~.~~~~♣
♣~~♣♣♣♣♣♣♣♣ ♣♣♣♣♣♣.♣♣
♣<.♣♣...♣ ♣.~~~~~~♣
♣.~~~..♣♣


You could see a goliath frog (poisoned).

Vanquished Creatures
  A thorn hunter (Swamp:3)
  Gastronok (Orc:1)
  An orc warlord (Orc:1)
  Nessos (Lair:3)
  2 eleionomae
  2 bunyips (Swamp:2)
  6 hydras
  Fannar (Orc:1)
  A rakshasa (D:15)
  An ogre mage (D:15)
  2 catoblepae
  5 alligators
  A ghost crab (Swamp:3)
  4 centaur warriors (D:13)
  A death knight (D:14)
  4 boulder beetles
  8 two-headed ogres
  3 occultists (D:15)
  A deep elf knight (D:14)
  5 orc high priests
  Nergalle (D:11)
  4 goliath frogs
  4 skeletal warriors (D:11)
  A deep elf archer (D:14)
  A swamp dragon (Swamp:1)
  3 bog bodies
  A necromancer (D:15)
  3 deep elf pyromancers
  An orc knight (Orc:2)
  5 cyclopes
  An oklob plant (Lair:5)
  A wolf spider zombie (D:11)
  4 orc sorcerers
  7 ugly things
  2 will-o-the-wisps (Swamp:2)
  2 manticores
  11 elephants
  5 centaur zombies
  10 kobold blastminers
  3 black mambas
  2 centaur skeletons (D:15)
  A cane toad (shapeshifter) (D:14)
  7 cane toads
  An unseen horror (D:11)
  2 torpor snails
  12 komodo dragons
  3 rime drakes
  A freezing wraith (D:14)
  2 kobold demonologists
  3 hellwings (D:11)
  3 red devils (D:10)
  2 trolls
  4 tyrant leeches (Swamp:2)
  4 polar bears (Lair:5)
  11 hornets
  19 blink frogs
  Grinder (D:6)
  A harpy skeleton (D:11)
  A meliai zombie (D:15)
  9 dream sheep
  17 slime creatures
  21 spriggans
  A spriggan (shapeshifter) (D:13)
  3 wyverns
  A shadow (D:10)
  2 vampires
  2 basilisks (Lair:5)
  3 wraiths
  36 yaks
  A steam dragon (D:8)
  Grum (D:9)
  2 wargs
  24 fire elementals
  10 vampire mosquitoes
  Menkaure (D:4)
  5 swamp worms
  2 nagas (Lair:3)
  2 acid dragons
  Duvessa (D:6)
  9 water moccasins
  Pargi (Sewer)
  29 orc warriors
  2 laughing skulls (D:15)
  4 ice beasts
  6 black bears
  9 ogres
  17 centaurs
  28 wolves
  9 boggarts
  A phantom (D:4)
  A kobold brigand (D:7)
  12 bullfrogs
  A brain worm (Sewer)
  4 scorpions
  5 wights (D:6)
  Dowan (D:6)
  4 howler monkeys
  12 killer bees
  6 hounds
  3 jellies
  A bombardier beetle (D:6)
  34 orc priests
  9 iguanas
  3 sleepcaps
  Crazy Yiuf (D:7)
  Ijyb (D:4)
  30 orc wizards
  11 hell rats
  3 gnolls (D:5)
  7 adders
  3 river rats (D:5)
  2 white imps (D:7)
  2 ufetubi (D:5)
  71 orcs
  7 ball pythons
  7 endoplasms
  3 giant cockroaches
  11 goblins
  3 hobgoblins
  4 jackals (D:4)
  5 bats
  5 frilled lizards
  21 kobolds
  6 rats
  2 butterflies (D:6)
761 creatures vanquished.

Vanquished Creatures (collateral kills)
  Jorgrun (D:15)
  A tengu reaver (D:14)
  2 hydras
  A kobold blastminer (Orc:2)
  A cane toad (Lair:4)
  2 dream sheep (Lair:4)
  2 orcs (Orc:2)
10 creatures vanquished.

Vanquished Creatures (others)
  A boulder beetle (D:15)
  A swamp dragon (Swamp:3)
  An orc knight (Orc:2)
  A bloated husk (Swamp:1)
  2 swamp worms
  2 orc warriors (Orc:2)
  An orc (Orc:2)
  72 foxfires
81 creatures vanquished.

Grand Total: 852 creatures vanquished

Notes
Turn   | Place    | Note
-------+----------+-------------------------------------------
     0 | D:1      | GloriousHammer the Formicid Cinder Acolyte began the quest
                  | for the Orb.
     0 | D:1      | Reached XP level 1. HP: 18/18 MP: 2/2
   151 | D:1      | Reached XP level 2. HP: 24/24 MP: 3/3
   392 | D:1      | Reached skill level 1 in Armour
   667 | D:1      | Reached XP level 3. HP: 27/29 MP: 4/4
   723 | D:1      | Found a faded altar of an unknown god.
  1296 | D:2      | Reached XP level 4. HP: 37/37 MP: 5/5
  1506 | D:2      | Reached skill level 4 in Polearms
  1846 | D:3      | Found a radiant altar of Vehumet.
  2340 | D:3      | Reached XP level 5. HP: 42/42 MP: 6/6
  2712 | D:4      | Noticed a phantom
  2733 | D:4      | Killed a phantom
  2734 | D:4      | Reached skill level 5 in Polearms
  2734 | D:4      | Reached XP level 6. HP: 44/48 MP: 7/7
  2953 | D:4      | Noticed Menkaure
  2966 | D:4      | Killed Menkaure
  2967 | D:4      | Reached skill level 6 in Polearms
  2967 | D:4      | Reached XP level 7. HP: 10/54 MP: 8/8
  3341 | D:4      | Noticed Ijyb
  3356 | D:4      | Killed Ijyb
  3607 | D:4      | Reached skill level 7 in Polearms
  3635 | D:4      | Found a burning altar of Makhleb.
  4093 | D:5      | Entered Level 5 of the Dungeon
  4175 | D:5      | Reached XP level 8. HP: 13/60 MP: 9/9
  4412 | D:5      | Found a glowing drain.
  4438 | D:5      | Reached skill level 8 in Polearms
  4488 | Sewer    | Entered a sewer
  4650 | Sewer    | Noticed Pargi
  4680 | Sewer    | Killed Pargi
  4681 | Sewer    | Reached skill level 9 in Polearms
  5531 | D:6      | Noticed Duvessa
  5531 | D:6      | Noticed Dowan
  5546 | D:6      | Killed Dowan
  5553 | D:6      | Killed Duvessa
  5554 | D:6      | Reached skill level 10 in Polearms
  5554 | D:6      | Reached XP level 9. HP: 15/65 MP: 10/10
  5796 | D:6      | Found a sparkling altar of Nemelex Xobeh.
  5874 | D:6      | Reached skill level 11 in Polearms
  5939 | D:6      | Identified the +2 dagger of Termination {venom, rN++ Int-5}
  6015 | D:6      | Found a staircase to the Ecumenical Temple.
  6020 | D:6      | Found Puusch's Antique Armour Emporium.
  6024 | Temple   | Entered the Ecumenical Temple
  6095 | D:6      | Found a shimmering altar of Xom.
  6197 | D:6      | Noticed Grinder
  6203 | D:6      | Killed Grinder
  6369 | D:6      | Reached skill level 12 in Polearms
  6782 | D:7      | Noticed a hornet
  6801 | D:7      | Killed a hornet
  6802 | D:7      | Reached XP level 10. HP: 45/71 MP: 11/11
  6982 | D:7      | Reached skill level 13 in Polearms
  7098 | D:7      | Found a runed translucent door.
  7099 | D:7      | Noticed Crazy Yiuf
  7105 | D:7      | Killed Crazy Yiuf
  7666 | D:8      | Noticed a two-headed ogre
  7677 | D:8      | Killed a two-headed ogre
  7678 | D:8      | Reached skill level 14 in Polearms
  7737 | D:8      | Identified the +0 leather armour "Deetyekk" {rPois rCorr
                  | Str+5 Dex-2}
  8544 | D:9      | Noticed a komodo dragon
  8546 | D:9      | Noticed an elephant
  8567 | D:8      | Killed a komodo dragon
  8568 | D:8      | Reached XP level 11. HP: 42/77 MP: 12/12
  8577 | D:8      | Killed an elephant
  8578 | D:8      | Reached skill level 5 in Shields
  8773 | D:9      | Reached skill level 15 in Polearms
  8775 | D:9      | Noticed a cyclops
  8776 | D:9      | Noticed Grum
  8788 | D:9      | Killed Grum
  8795 | D:9      | Killed a cyclops
  8828 | D:9      | Noticed a sun demon
  9445 | D:9      | Found a staircase to the Lair.
  9445 | D:9      | Noticed an elephant
  9453 | D:9      | Killed an elephant
  9533 | D:10     | Entered Level 10 of the Dungeon
 10020 | D:10     | Found a staircase to the Orcish Mines.
 10202 | D:10     | Reached skill level 16 in Polearms
 10993 | Lair:1   | Entered Level 1 of the Lair of Beasts
 11032 | D:9      | Reached XP level 12. HP: 56/83 MP: 13/13
 11235 | Lair:1   | Reached skill level 1 in Evocations
 11402 | Lair:1   | Reached skill level 1 in Dodging
 12138 | Lair:1   | Reached skill level 5 in Fighting
 12138 | Lair:1   | Reached skill level 5 in Armour
 12358 | Lair:1   | Found a radiant altar of Vehumet.
 13981 | Lair:2   | Identified 3 scrolls of acquirement
 13984 | Lair:2   | Acquired 773 gold pieces
 13987 | Lair:2   | Acquired the +1 bardiche of Bodily Harmony {freeze, rF+
                  | Dex+2}
 13988 | Lair:2   | Acquired a manual of Fighting
 14442 | Lair:3   | Noticed a six-headed hydra
 14445 | Lair:2   | Upgraded the game from 0.31.0-7-gf635a9b802 to
                  | 0.31.0-9-g3a7656b989
 14450 | Lair:3   | Killed a six-headed hydra
 14947 | Lair:3   | Noticed Nessos
 14957 | Lair:3   | Killed Nessos
 14958 | Lair:3   | Reached XP level 13. HP: 77/95 MP: 14/14
 15003 | Lair:3   | Noticed a catoblepas
 15013 | Lair:3   | Killed a catoblepas
 15118 | Lair:3   | Found a staircase to the Snake Pit.
 15232 | Lair:3   | Reached skill level 17 in Polearms
 15243 | Lair:3   | Reached skill level 5 in Evocations
 15702 | Lair:3   | Found a staircase to the Swamp.
 17010 | Temple   | Fell from the grace of Ignis
 17010 | Temple   | Became a worshipper of Ru the Awakened
 19078 | Lair:5   | Entered Level 5 of the Lair of Beasts
 19078 | Lair:5   | Found a viscous altar of Jiyva.
 19078 | Lair:5   | Found a staircase to the Slime Pits.
 19084 | Lair:5   | Noticed a four-headed hydra
 19284 | Lair:4   | Killed a four-headed hydra
 20072 | Lair:5   | Reached XP level 14. HP: 109/109 MP: 15/15
 20134 | Lair:5   | Reached skill level 10 in Fighting
 20188 | Lair:5   | Reached skill level 18 in Polearms
 21355 | Lair:5   | Was forgiven by Ignis
 23389 | D:11     | Noticed Nergalle
 23397 | D:11     | Killed Nergalle
 23547 | D:11     | Reached XP level 15. HP: 96/121 MP: 16/16
 23568 | D:11     | Reached skill level 19 in Polearms
 23648 | D:11     | Found the +4 Cigotuvi's embrace {Corpsefed rMiasma ^Drain
                  | rN+}
 24286 | D:12     | Reached skill level 10 in Armour
 24468 | D:12     | Found Sienau's Antique Weapon Shop.
 24962 | Orc:1    | Entered Level 1 of the Orcish Mines
 24968 | Orc:1    | Noticed Gastronok
 24982 | Orc:1    | Killed Gastronok
 25312 | Orc:1    | Found Biqac's Vocational Training.
 25580 | Orc:1    | Noticed an orc warlord
 25617 | Orc:1    | Killed an orc warlord
 26256 | Orc:2    | Entered Level 2 of the Orcish Mines
 26480 | Orc:2    | Found a staircase to the Elven Halls.
 26541 | Orc:2    | Reached skill level 10 in Evocations
 27110 | Orc:2    | Found Wegus's Armour Boutique.
 27156 | Orc:1    | Noticed Fannar
 27176 | Orc:1    | Killed Fannar
 27258 | Orc:2    | Found Hiriuf's Weapon Shoppe.
 27366 | Orc:2    | Found Ulapsu's Gadget Gallery.
 27368 | Orc:2    | Gained mutation: You are somewhat unskilled. (-1 Apt) [Ru
                  | sacrifice]
 27368 | Orc:2    | Reduced skill Polearms to level 18
 27368 | Orc:2    | Reduced skill Armour to level 10
 27368 | Orc:2    | Reached * piety under Ru
 27402 | Orc:2    | Found Dinuqava's Armour Shop.
 27402 | Orc:2    | Found Tezisac's Distillery.
 27403 | Orc:2    | Found Weotupp's Antique Weapon Boutique.
 27406 | Orc:2    | Found Duischet's Jewellery Boutique.
 27673 | Orc:1    | Bought a manual of Evocations for 960 gold pieces
 27703 | Orc:2    | Bought a sack of spiders for 600 gold pieces
 27726 | Orc:2    | Bought a potion of invisibility for 128 gold pieces
 27726 | Orc:2    | Bought a potion of enlightenment for 80 gold pieces
 27728 | Orc:2    | Bought the ring "Boiclob" {rN+ Will+ Stlth+} for 495 gold
                  | pieces
 27755 | Orc:2    | Bought a lightning rod (4/4) for 600 gold pieces
 27954 | D:13     | Reached XP level 16. HP: 109/131 MP: 17/17
 29014 | D:14     | Noticed Roxanne
 29082 | D:14     | Found a hazy altar of Hepliaklqana.
 29132 | D:14     | Reached skill level 10 in Evocations
 29898 | D:14     | Found a gate to the Vaults.
 29898 | D:14     | Noticed a tengu reaver
 29901 | D:14     | Killed a tengu reaver
 30765 | D:15     | Entered Level 15 of the Dungeon
 30924 | D:15     | Found a staircase to the Depths.
 30967 | D:15     | Noticed Jorgrun
 30980 | D:15     | Killed Jorgrun
 31406 | D:15     | Gained mutation: You cannot study or cast Earth magic. [Ru
                  | sacrifice]
 31406 | D:15     | Gained mutation: You cannot study or cast Hexes magic. [Ru
                  | sacrifice]
 31406 | D:15     | Gained mutation: You cannot study or cast Necromancy magic.
                  | [Ru sacrifice]
 31406 | D:15     | Reached ** piety under Ru
 32218 | D:15     | Found an ancient bone altar of Kikubaaqudgha.
 32527 | Swamp:1  | Entered Level 1 of the Swamp
 32815 | Swamp:1  | Identified the +4 ring mail of Senae {^Contam rN+ Str+2
                  | Dex+3}
 33330 | Swamp:1  | Identified the +2 leather armour of the Devil {Rampage
                  | Will- Int+5}
 33455 | Swamp:1  | Reached skill level 19 in Polearms
 34473 | Swamp:2  | Reached XP level 17. HP: 117/140 MP: 18/18
 35154 | Swamp:2  | Gained mutation: You are unskilled. (-2 Apt) [Ru sacrifice]
 35154 | Swamp:2  | Reduced skill Polearms to level 17
 35154 | Swamp:2  | Reduced skill Armour to level 10
 35154 | Swamp:2  | Reached *** piety under Ru
 35154 | Swamp:2  | Reached **** piety under Ru
 35812 | Swamp:3  | Noticed a thorn hunter
 35826 | Swamp:3  | Killed a thorn hunter
 35829 | Swamp:3  | HP: 2/138 [goliath frog (15)]
 35829 | Swamp:3  | Splashed by a goliath frog's acid

Illustrated notes

Levels and vault maps discovered:
D:1:      eino_arrival_water_star, layout_basic,
          hellmonk_ecumenical_altar_inner_sanctum
D:2:      layout_basic
D:3:      layout_rooms, mainiacjoe_overflow_concentric_impassable,
          serial_bayou_pond_a, nicolae_concentric_dashed_squares_mild,
          grunt_decor_resistance, amethyst_killhole
D:4:      layout_loops_corners, makhleb_heckhound_becter, serial_bayou,
          serial_bayou_shore_a, serial_bayou_shore_b, serial_bayou_lagoon_a,
          serial_bayou_pond_e, serial_bayou_lagoon_b, st_stairs_13,
          grunt_ministairs_2, uniq_ijyb, uniq_menkaure
D:5:      layout_rooms, portal_sewer_entry_b
D:6:      layout_rooms, xom_butterflies, nemelex_xobeh_ov_fountains_minmay,
          temple_statues, serial_shops, shop, uniq_duvessa, uniq_grinder
D:7:      layout_loops_cross, uniq_crazy_yiuf_cottage
D:8:      layout_basic, kennysheep_another_room
D:9:      layout_rooms, grunt_lair_entry_orc_guard_hut, uniq_grum
D:10:     layout_irregular_city, david_orc_3,
          einodemon_armed_red_devil_minivault
D:11:     nicolae_whirlpool, layout_basic, hellmonk_guarded_unrand_cigotuvi,
          uniq_nergalle
D:12:     layout_roguey, serial_shops, shop, serial_corexii_hall,
          corexii_hall_statues_t, corexii_hall_statues_s, minmay_quadrilaterals
D:13:     layout_basic
D:14:     layout_rooms, hellmonk_vaults_attempted_burglary,
          nicolae_hepliaklqana_hippocampus, minivault_20,
          beargit_elvish_explorers, uniq_roxanne
D:15:     grunt_enter_depths_magical_seal, layout_loops_ring,
          kiku_gazebo_pond_becter, uniq_jorgrun
Temple:   dpeg_three_leaves_temple
Lair:1:   layout_regular_city, basic_altar, cheibrodos_lair_caveside_slide,
          grunt_megastairs_3
Lair:2:   wad_woods_tower, layout_layer_cave, minivault_24,
          chequers_serial_rivers_micro_c
Lair:3:   layout_gridlike, skrybe_swamp_entry_bodies,
          guppyfry_snake_entry_garden, grunt_megastairs_4, uniq_nessos
Lair:4:   layout_layer_cave, serial_rivers, chequers_serial_rivers_large_a,
          chequers_serial_rivers_micro_e, chequers_serial_rivers_micro_c,
          chequers_serial_rivers_small_3, chequers_serial_rivers_micro_a,
          chequers_serial_rivers_small_a, chequers_serial_rivers_micro_d
Lair:5:   minmay_lair_end_enchanted_forest, layout_layer_cave, slime_entry_1,
          grunt_megastairs_1, lemuel_fruit_tree
Swamp:1:  layout_basic_swamp, nicolae_swamp_orc_logging_accident,
          infiniplex_staircase_pool
Swamp:2:  nicolae_swamp_secret_spriggan_hideout, layout_basic_swamp,
          evilmike_swamp_ruin_house_2
Swamp:3:  layout_basic_swamp, infiniplex_staircase_pool_2
Orc:1:    layout_caves, nicolae_shop_vocational, uniq_fannar, uniq_gastronok
Orc:2:    st_orc_mages, layout_caves, serial_shops, shop_fountains,
          nicolae_shop_real_fake_doors, hangedman_feature_mirror,
          nicolae_shop_gadgets

Skill      XL: |  1  2  3  4  5  6  7  8  9 10 11 12 13 14 15 16 17 |
---------------+----------------------------------------------------+-----
Armour         | 1 2 3 4 6 8 9 10 11 10 | 10.7
Polearms       | 4 5 6 7 10 12 14 16 17 18 18 19 17 | 17.8
Fighting       | 4 6 9 12 13 14 13 | 13.7
Shields        | 4 8 9 8 7 |  7.4
Evocations     | 4 6 8 9 11 11 | 11.3
Dodging        | 3 4 3 |  3.4
Fire Magic     | 2 |  2.4
Spellcasting   | 0 |  0.8

Action                     |  1- 3 |  4- 6 |  7- 9 | 10-12 | 13-15 | 16-18 || total
---------------------------+-------+-------+-------+-------+-------+-------++-------
  Melee: Spear             |    75 |   151 |       |       |       |       ||   226
         Trident           |       |    13 |   284 |       |    26 |       ||   323
         Punch             |       |       |     3 |       |       |       ||     3
         Halberd           |       |       |   153 |   769 |       |       ||   922
         Bardiche          |       |       |       |    27 |  1152 |   519 ||  1698
         Glaive            |       |       |       |       |       |     1 ||     1
   Fire: Sling             |       |    17 |       |       |       |       ||    17
  Throw: Dart              |       |       |       |       |     7 |       ||     7
         Javelin           |       |       |       |       |     6 |       ||     6
 Invoke: Fiery Armour      |       |     1 |     2 |     2 |       |       ||     5
         Foxfire Swarm     |       |       |     3 |     1 |       |       ||     4
         Rising Flame      |       |       |       |     1 |       |       ||     1
         Sacrifice Skill   |       |       |       |       |     1 |     1 ||     2
         Reject Sacrifices |       |       |       |       |     1 |       ||     1
         Sacrifice Arcana  |       |       |       |       |       |     1 ||     1
Ability: Dig               |       |       |       |       |     1 |     1 ||     2
  Evoke: Wand              |       |       |     1 |     3 |    28 |    17 ||    49
         Phantom mirror    |       |       |       |     1 |     2 |     1 ||     4
         Lightning rod     |       |       |       |       |       |     5 ||     5
         Sack of spiders   |       |       |       |       |       |     2 ||     2
    Use: Scroll            |       |       |     3 |    12 |     7 |     2 ||    24
         Potion            |       |       |       |       |     4 |     1 ||     5
   Stab: Distracted        |       |       |       |       |     1 |     2 ||     3
 Armour: Ring mail         |    30 |    21 |       |       |       |       ||    51
         Scale mail        |       |    20 |       |       |       |       ||    20
         Chain mail        |       |    48 |   236 |       |       |       ||   284
         Plate armour      |       |       |    48 |   342 |   759 |   350 ||  1499
  Dodge: Dodged            |    30 |    42 |   194 |   302 |   540 |   207 ||  1315
  Block: Other             |       |       |    95 |     7 |       |       ||   102
         Reflection        |       |       |     8 |    11 |    38 |    17 ||    74
         Buckler           |       |       |       |   318 |   591 |   235 ||  1144
